Map: Crimson Court LE

Players

Lambo

  • Race: Zerg Zerg
  • League: Grandmaster
  • Spawn Location: 1:00

LiquidClem (Clem) - Winner!

  • Race: Terran Terran
  • League: Grandmaster
  • Spawn Location: 7:00

VOD

Have the link to the VOD?

Description

Time

  • Played on: May 13, 2024, 10:40 a.m.
  • Length: 12:52
Show
View Real Time Build Order
Export as new Build Order

Lambo Zerg 

Build Orders: Hatch First 

Get SALT Encoding   

  12  0:00  Drone  
  13  0:14  Overlord  
  13  0:18  Drone  
  14  0:33  Drone x2  
  16  0:48  Hatchery  
  15  0:51  Drone  
  15  0:54  Drone  
  17  0:58  Drone  
  18  1:08  Extractor  
  17  1:13  Spawning Pool  
  17  1:16  Drone  
  17  1:19  Drone  
  18  1:30  Drone  
  19  1:41  Drone  
  20  1:51  Drone  
  21  2:01  Queen x2  
  21  2:02  Zergling x4  
  27  2:12  Drone  
  27  2:14  Overlord  
  28  2:23  Spore Crawler  
  26  2:30  Hatchery  
  26  2:31  Drone  
  26  2:33  Drone x2  
  26  2:36  Drone  
  30  2:42  Queen  
  33  2:51  Drone  
  33  2:52  Overlord  
  33  2:55  Metabolic Boost  
  33  2:58  Drone  
  33  3:03  Drone  
  35  3:07  Drone  
  35  3:11  Queen  
  38  3:14  Drone x2  
  38  3:15  Drone  
  41  3:22  Drone x3  
  41  3:26  Overlord  
  44  3:33  Overlord  
  44  3:48  Drone x6  
  48  3:52  Zergling x6  
  51  3:56  Drone x2  
  53  4:03  Drone x3  
  53  4:04  Queen  
  58  4:12  Overlord  
  58  4:13  Queen  
  58  4:15  Drone x2  
  62  4:23  Lair  
  62  4:24  Drone x2  
  62  4:25  Drone  
  62  4:26  Extractor  
  64  4:34  Drone x2  
  64  4:36  Drone x4  
  70  4:43  Overlord  
  70  4:46  Queen  
  70  4:48  Drone  
  70  4:49  Drone  
  70  4:51  Hatchery  
  73  4:54  Queen  
  73  4:55  Baneling Nest, Overlord  
  73  4:59  Overlord  
  74  5:01  Overlord  
  74  5:02  Drone x6  
  74  5:05  Overlord  
  74  5:07  Drone x2  
  82  5:10  Overlord  
  82  5:14  Drone x2  
  82  5:17  Extractor x2, Spore Crawler  
  82  5:18  Extractor  
  82  5:19  Drone  
  81  5:23  Drone x2  
  81  5:25  Zergling x6  
  86  5:28  Zergling x6  
  86  5:31  Drone  
  86  5:33  Drone x2  
  86  5:34  Spore Crawler  
  91  5:36  Evolution Chamber  
  91  5:37  Evolution Chamber, Overlord  
  91  5:38  Drone x2  
  91  5:40  Baneling x6  
  91  5:47  Zergling x2  
  91  5:48  Zergling x4  
  93  5:53  Queen  
  93  5:54  Queen  
  93  5:55  Zergling x6  
  95  5:59  Zergling x8  
  95  6:02  Drone x3  
  94  6:10  Drone  
  95  6:12  Zerg Ground Armor Level 1  
  95  6:13  Hydralisk Den  
  95  6:14  Drone x4  
  98  6:19  Zerg Melee Weapons Level 1  
  98  6:22  Drone x3  
  101  6:26  Centrifugal Hooks  
  101  6:29  Drone x7  
  108  6:33  Spore Crawler  
  108  6:35  Zergling x2  
  108  6:39  Extractor  
  107  6:43  Overlord  
  107  6:46  Zergling x8  
  111  6:48  Baneling x4  
  111  6:49  Baneling  
  111  6:51  Grooved Spines  
  111  6:53  Drone x3  
  114  6:55  Overlord x3  
  114  7:01  Zergling x12  
  114  7:04  Overseer  
  114  7:05  Queen x2  
  114  7:07  Zergling x4  
  128  7:09  Overlord x2  
  128  7:10  Overlord  
  128  7:11  Pneumatized Carapace  
  128  7:12  Overlord  
  128  7:14  Overlord  
  123  7:18  Zergling x2  
  123  7:19  Zergling x4  
  123  7:21  Zergling x2  
  124  7:29  Hydralisk x8  
  136  7:36  Hydralisk x5  
  144  7:39  Baneling x3  
  144  7:45  Muscular Augments  
  144  7:48  Hatchery  
  144  7:50  Overlord  
  144  7:51  Overlord  
  143  7:53  Baneling x3  
  143  7:55  Overlord  
  143  7:58  Overlord  
  143  8:00  Overlord  
  143  8:04  Zergling x24  
  146  8:13  Zergling x6  
  146  8:20  Zergling x10  
  146  8:23  Zerg Ground Armor Level 2  
  146  8:24  Zerg Missile Weapons Level 1  
  151  8:27  Zergling x12  
  151  8:31  Zergling x14  
  163  8:36  Hydralisk  
  163  8:38  Baneling x15  
  163  8:41  Zergling x6  
  168  8:50  Zergling x12  
  168  8:54  Zergling x2  
  175  9:04  Overlord  
  175  9:08  Zergling x2  
  175  9:09  Zergling x22  
  175  9:14  Zergling x4, Hatchery  
  174  9:17  Overseer x2  
  174  9:22  Hydralisk x5  
  183  9:26  Zergling x4  
  178  9:39  Hydralisk x10  
  178  9:41  Baneling x8  
  178  9:44  Overlord  
  178  9:45  Overlord  
  197  9:48  Baneling x5  
  197  9:51  Overseer  
  197  9:53  Zergling x6  
  197  9:59  Zergling x16  
  194  10:01  Zergling x2  
  194  10:05  Zergling x12  
  189  10:07  Overseer  
  189  10:13  Zergling x6  
  166  10:18  Zergling x10  
  162  10:26  Zergling x10  
  162  10:27  Overseer  
  164  10:31  Infestation Pit  
  164  10:32  Zergling x8  
  160  10:36  Zergling x10  
  160  10:40  Drone x2  
  160  10:41  Zergling x4  
  168  10:44  Zergling x2  
  168  10:45  Zergling x6  
  170  10:50  Zergling x8  
  170  10:51  Baneling x11  
  170  10:52  Zergling x6  
  170  10:56  Zergling x2  
  178  10:58  Zergling x2  
  178  11:04  Hydralisk x5  
  179  11:07  Baneling x15  
  179  11:10  Hatchery  
  188  11:11  Hive  
  188  11:17  Zergling x12  
  178  11:22  Zergling x2  
  178  11:23  Zergling x8  
  179  11:29  Zergling x12  
  185  11:35  Zergling x2  
  185  11:36  Zergling x10  
  192  11:42  Hatchery  
  192  11:46  Zergling x8  
  195  11:56  Zergling x10  
  195  12:03  Zergling x20  
  166  12:12  Zergling x8  
  148  12:23  Zergling x16  
Show
View Real Time Build Order
Export as new Build Order

LiquidClem Terran - Winner!

Build Orders: Reaper Expand 

Get SALT Encoding   

  12  0:00  SCV  
  13  0:12  SCV  
  14  0:17  Supply Depot  
  14  0:24  SCV  
  15  0:38  SCV  
  15  0:40  Barracks  
  15  0:42  Refinery  
  16  0:50  SCV  
  17  1:02  SCV  
  18  1:14  SCV  
  19  1:26  Reaper  
  19  1:27  Orbital Command  
  20  1:38  Command Center  
  20  1:46  Supply Depot  
  20  1:52  SCV  
  21  1:58  Marine  
  22  2:04  SCV  
  23  2:10  Factory  
  23  2:16  SCV  
  23  2:19  Barracks Reactor  
  24  2:28  SCV  
  25  2:38  Command Center  
  25  2:40  SCV  
  26  2:53  SCV, Orbital Command  
  27  3:01  Hellion x2  
  31  3:07  SCV  
  31  3:10  Barracks  
  31  3:12  Barracks Tech Lab  
  32  3:18  Refinery  
  32  3:19  SCV x2  
  34  3:25  Hellion  
  36  3:29  Hellion  
  36  3:32  Marine  
  36  3:33  SCV  
  40  3:34  SCV  
  40  3:38  Stimpack  
  41  3:45  SCV  
  41  3:46  SCV  
  41  3:50  Orbital Command  
  41  3:54  Marine  
  41  3:57  SCV  
  41  4:00  Starport  
  41  4:01  SCV  
  43  4:04  Factory Reactor  
  43  4:08  Marine x2  
  43  4:09  SCV  
  46  4:10  Supply Depot  
  46  4:14  SCV  
  46  4:16  SCV  
  48  4:18  Marine  
  48  4:21  SCV  
  48  4:26  SCV, Marine x2  
  48  4:28  SCV  
  52  4:33  SCV  
  52  4:35  Supply Depot  
  52  4:36  Marine  
  52  4:38  SCV  
  55  4:40  Medivac, Armory, Hellion  
  55  4:41  Hellion  
  55  4:43  Orbital Command  
  55  4:44  Marine  
  63  4:47  Barracks  
  63  4:48  SCV  
  63  4:51  SCV, Refinery  
  63  4:52  Marine  
  65  4:54  Marine  
  65  4:57  Refinery  
  65  4:58  Supply Depot  
  66  5:00  SCV  
  66  5:03  SCV, Marine  
  69  5:09  SCV  
  69  5:12  SCV, Starport Reactor  
  69  5:13  Marine x2  
  73  5:15  SCV  
  73  5:17  Factory Reactor  
  73  5:18  Supply Depot  
  75  5:21  SCV, Marine  
  75  5:22  Supply Depot  
  75  5:24  SCV  
  75  5:26  Supply Depot  
  77  5:30  Marine, Engineering Bay x2  
  77  5:31  Marine  
  77  5:32  SCV  
  80  5:37  Combat Shield  
  80  5:39  SCV  
  80  5:41  Supply Depot, Marine  
  83  5:42  SCV  
  83  5:44  SCV  
  83  5:47  Marine x2  
  83  5:48  Marine x2  
  86  5:51  SCV  
  87  5:57  Barracks  
  87  5:58  Barracks  
  87  5:59  Widow Mine  
  87  6:00  Marine  
  87  6:01  SCV, Widow Mine  
  87  6:02  SCV  
  87  6:03  SCV  
  83  6:05  Terran Infantry Weapons Level 1  
  83  6:07  Terran Infantry Armor Level 1  
  83  6:08  Marine  
  83  6:10  Medivac  
  86  6:12  Medivac  
  86  6:13  SCV  
  86  6:15  SCV  
  86  6:16  SCV, Marine  
  86  6:17  Marine  
  93  6:20  Marine  
  93  6:21  Supply Depot, Marine  
  97  6:25  Widow Mine  
  97  6:26  Marine  
  97  6:27  SCV x2, Widow Mine  
  97  6:29  SCV  
  103  6:33  Factory  
  103  6:34  Marine  
  103  6:35  Refinery  
  103  6:39  Supply Depot, SCV  
  106  6:40  SCV, Marine  
  106  6:41  SCV  
  106  6:42  Marine  
  106  6:43  Marine x2  
  111  6:49  Barracks Reactor x2  
  111  6:50  Widow Mine  
  111  6:51  SCV, Widow Mine  
  111  6:52  Supply Depot  
  116  6:54  Medivac  
  116  6:57  Medivac  
  116  6:58  Marine  
  116  6:59  Marine  
  122  7:03  Supply Depot  
  122  7:05  Command Center  
  122  7:09  Marine  
  122  7:10  Marine  
  122  7:13  Sensor Tower  
  122  7:15  Widow Mine  
  125  7:16  Marine  
  125  7:18  Marine x2  
  126  7:24  Medivac  
  126  7:26  Terran Vehicle And Ship Armor Level 1  
  126  7:27  Marine x2, Widow Mine  
  126  7:28  Marine x3, Factory Tech Lab  
  127  7:30  Refinery  
  127  7:33  Marine  
  127  7:34  Marine  
  129  7:38  Barracks  
  129  7:39  Barracks, Concussive Shells  
  129  7:40  Barracks  
  129  7:42  Medivac  
  129  7:43  Marine  
  129  7:44  Widow Mine  
  134  7:48  Marine x4  
  134  7:50  Marine  
  139  7:53  Supply Depot  
  139  7:56  Supply Depot  
  139  7:57  Drilling Claws  
  139  7:59  Widow Mine  
  139  8:00  Marine  
  139  8:02  Marine x3  
  144  8:05  Marine  
  144  8:06  Marine  
  144  8:07  Marine x2  
  144  8:10  Widow Mine  
  144  8:12  Medivac  
  149  8:14  Marine  
  149  8:15  Widow Mine  
  149  8:18  Marine  
  149  8:19  SCV x3  
  151  8:23  Terran Infantry Armor Level 2  
  151  8:24  Terran Infantry Weapons Level 2  
  151  8:28  Widow Mine  
  151  8:29  Marine x2  
  152  8:34  Medivac  
  152  8:36  Marine, Widow Mine  
  152  8:39  Barracks Tech Lab x2  
  155  8:41  Barracks Tech Lab, Marine x2  
  155  8:42  Medivac  
  155  8:47  SCV x3  
  162  8:48  Ghost Academy  
  162  8:52  Planetary Fortress  
  162  8:57  Widow Mine  
  162  8:58  Marine x2  
  162  8:59  SCV  
  162  9:00  Sensor Tower  
  162  9:02  Marine, Widow Mine  
  169  9:04  Medivac  
  160  9:11  Medivac  
  160  9:14  Marine x4  
  160  9:15  Marine  
  160  9:16  Marine  
  160  9:17  Marauder x2, Marine x2  
  164  9:19  SCV  
  164  9:20  SCV, Unknown  
  164  9:21  Command Center  
  164  9:23  Terran Vehicle And Ship Armor Level 2  
  166  9:25  Marine, Widow Mine  
  166  9:26  Marine  
  166  9:29  Widow Mine  
  169  9:32  Marine x2  
  169  9:34  Marine x4, Medivac, Widow Mine  
  179  9:42  Marine x3  
  179  9:44  Marine  
  177  9:46  Widow Mine  
  177  9:49  Supply Depot  
  177  9:51  SCV  
  177  9:52  Supply Depot, SCV, Marauder x2, Widow Mine  
  187  9:56  Medivac  
  187  9:57  Marine x2, Widow Mine  
  187  9:58  Marine  
  187  9:59  Marine  
  187  10:00  Marine, Marauder  
  187  10:06  Marine x2  
  188  10:07  Marine  
  188  10:09  Marauder, Widow Mine  
  188  10:10  Medivac  
  188  10:12  Ghost  
  188  10:13  Marine, Widow Mine  
  173  10:15  Marine x2  
  173  10:16  Marine  
  173  10:17  Marine  
  173  10:18  Marine, Widow Mine  
  167  10:21  Marine  
  167  10:24  Marine x2  
  167  10:25  Marine  
  167  10:26  Liberator  
  154  10:29  Ghost  
  154  10:31  Marine, Widow Mine  
  154  10:35  Widow Mine  
  161  10:39  Marauder  
  161  10:40  Marine x2, Widow Mine  
  161  10:41  Marine x2  
  161  10:42  Marauder  
  171  10:47  Marine  
  171  10:48  Marine x2  
  171  10:49  Marauder  
  173  10:50  Marine  
  173  10:51  SCV  
  173  10:52  Widow Mine  
  173  10:57  Widow Mine  
  179  10:58  Ghost  
  179  10:59  Marine x2  
  179  11:00  SCV  
  179  11:02  Planetary Fortress  
  179  11:04  SCV x2  
  186  11:07  Marine, Widow Mine  
  186  11:10  Marine  
  190  11:14  Widow Mine  
  190  11:18  Widow Mine  
  188  11:20  Liberator x2  
  188  11:21  Marine x2  
  188  11:22  Marine  
  188  11:24  Marine x2  
  199  11:34  Marine  
  200  11:40  Command Center  
  200  11:42  Command Center  
  200  11:44  Missile Turret  
  200  11:45  Refinery x2  
  200  11:46  Fusion Core, Starport  
  199  11:57  Ghost  
  160  12:09  Widow Mine x2  
  160  12:10  Ghost x2  
  160  12:11  Marine x4  
  160  12:12  Marine x4  
  160  12:13  Marauder  
  172  12:16  Widow Mine  
  154  12:26  Marine  
  154  12:29  Marine  
  144  12:30  Marine  
Tags
 
Add a new tag
Caveats
  • Supply blocks, unpowered buildings, or Contaminate may cause inaccurate times.
  • Supply counts are checked every 10 seconds.